AoeStats
← Destroyer

Arabia

509533387Analyzed
3v3 RM · 4d ago on Sep 27, 2026· 58m 1s· 6 players
Game mode
Random Map
Map size
Normal (6 player)
Population
200
Speed
Normal
Resources
Standard
Victory
Conquest
Starting age
Dark Age
Ending age
Imperial Age
RankedLock teamsTeams togetherTeam positionsShared explorationLock speedFull tech treeHidden civsTurbo modeCheats
Victory
Defeat
🇪🇨 Varangians · Ecuador
1113
+11
🇪🇨 Vikings · Ecuador
1091
+12
🇪🇨 Saxons · Ecuador
1088
+12
🇳🇿 Bulgarians · New Zealand
1050
-14
🇳🇿 Armenians · New Zealand
985
-11
🇳🇿 Georgians · New Zealand
953
-10
M!(ke
4:50 Loom
9:17 Feudal Age
9:50 Double-Bit Axe
13:01 Town Watch
17:00 Fletching
18:03 Padded Archer Armor
24:39 Castle Age
25:46 Bodkin Arrow
25:47 Crossbowman
28:46 Gold Mining
33:04 Ballistics
33:48 Leather Archer Armor
35:45 Wheelbarrow
40:30 Bow Saw
41:19 Horse Collar
43:08 Thumb Ring
44:26 Heavy Plow
48:21 Imperial Age
46:44 Hand Cart
46:36 Murder Holes
48:25 Arbalester
49:08 Bracer
50:47 Chemistry
49:45 Heavy Mounted Crossbowman
49:45 Cranequins
54:26 Ring Archer Armor
57:50 Husbandry
58:49 Bloodlines
Destroyer
6:54 Loom
10:10 Feudal Age
12:27 Bloodlines
12:25 Horse Collar
12:41 Double-Bit Axe
16:43 Forging
21:12 Wheelbarrow
21:31 Scale Mail Armor
23:56 Castle Age
22:22 Gold Mining
23:16 Horse Collar
27:47 Husbandry
28:17 Bow Saw
27:34 Pikeman
31:11 Scale Barding Armor
32:23 Iron Casting
35:35 Chain Barding Armor
35:22 Heavy Plow
38:46 Chain Mail Armor
40:27 Squires
40:49 Fletching
44:49 Hand Cart
47:27 Imperial Age
47:33 Imperial Age
45:08 Bodkin Arrow
47:25 Vendel Legacy
47:47 Cavalier
49:23 Elite Varangian Guard
50:59 Crop Rotation
51:03 Plate Mail Armor
51:34 Blast Furnace
51:22 Light Cavalry
54:18 Conscription
54:18 Hussar
57:02 Plate Barding Armor
Frank_alv10
6:00 Loom
8:52 Feudal Age
9:17 Double-Bit Axe
14:27 Fletching
15:18 Padded Archer Armor
23:10 Castle Age
21:42 Gold Mining
21:36 Horse Collar
22:09 Stone Mining
22:25 Arson
23:19 Forging
25:51 Bodkin Arrow
26:33 Fervor
28:59 Bow Saw
29:22 Town Watch
30:17 Gold Shaft Mining
29:43 Heavy Plow
29:50 Crossbowman
30:59 Leather Archer Armor
31:09 Ballistics
34:32 Squires
35:09 Iron Casting
34:35 Scale Mail Armor
37:32 Chain Mail Armor
40:29 Imperial Age
39:27 Chieftains
42:32 Two-Man Saw
41:02 Arbalester
41:45 Bracer
42:15 Ring Archer Armor
42:47 Chemistry
42:12 Conscription
44:15 Siege Engineers
44:06 Murder Holes
44:22 Masonry
44:15 Bogsveigar
44:53 Elite Berserk
45:11 Elite Varangian Guard
47:38 Architecture
47:45 Hoardings
Th3Carpenter
9:46 Feudal Age
12:10 Horse Collar
12:16 Double-Bit Axe
20:12 Castle Age
24:23 Pikeman
28:42 Padded Archer Armor
28:43 Scale Mail Armor
29:42 Elite Skirmisher
34:33 Gambesons
34:52 Squires
36:25 Bow Saw
36:41 Elite Skirmisher
39:03 Husbandry
39:13 Bloodlines
39:25 Chain Mail Armor
39:19 Scale Barding Armor
39:08 Fletching
39:34 Gold Mining
39:36 Stone Mining
40:39 Wheelbarrow
41:27 Thumb Ring
42:57 Hand Cart
45:17 Chain Barding Armor
45:08 Forging
Sir Jack Frost
5:38 Loom
11:13 Feudal Age
11:39 Double-Bit Axe
16:55 Castle Age
17:57 Horse Collar
19:09 Scale Barding Armor
19:15 Forging
20:00 Husbandry
25:09 Bloodlines
26:43 Heavy Plow
29:00 Wheelbarrow
32:11 Chain Barding Armor
32:27 Iron Casting
36:23 Hand Cart
45:24 Imperial Age
47:42 Aznauri Cavalry
52:33 Elite Monaspa
54:42 Plate Barding Armor
54:08 Padded Archer Armor
54:15 Elite Skirmisher
Filthy Luca
6:54 Loom
9:54 Feudal Age
11:06 Double-Bit Axe
11:08 Horse Collar
11:57 Man-at-Arms
13:34 Long Swordsman
17:43 Scale Mail Armor
19:34 Gold Mining
19:47 Padded Archer Armor
19:40 Fletching
21:16 Padded Archer Armor
26:17 Castle Age
24:58 Arson
25:36 Forging
27:40 Wheelbarrow
26:36 Two-Handed Swordsman
27:25 Squires
28:06 Chain Mail Armor
30:43 Iron Casting
30:12 Gambesons
30:27 Champion
36:02 Hand Cart
41:47 Imperial Age
43:34 Plate Mail Armor
44:24 Blast Furnace
46:53 Fereters
Connection lost

Rejoining the realm…

Still unreachable

The connection could not be restored.

Session expired

The server has moved on; the page needs a fresh start.